AoeStats
← CalamarX

Oasis

509815202Analyzed
4v4 RM · 5d ago on Sep 28, 2026· 42m 28s· 8 players
Game mode
Random Map
Map size
Large (8 player)
Population
200
Speed
Normal
Resources
Standard
Victory
Conquest
Starting age
Dark Age
Ending age
Imperial Age
RankedLock teamsTeams togetherTeam positionsShared explorationLock speedFull tech treeHidden civsTurbo modeCheats
Victory
Defeat
🇲🇽 Khmer · Mexico
1157
+8
🇨🇱 Portuguese · Chile
1012
+14
🇲🇽 Hindustanis · Mexico
957
+16
🇲🇽 Britons · Mexico
922
+16
🇨🇴 Britons · Colombia
1025
-16
🇦🇷 Goths · Argentina
995
-15
🇵🇪 Mongols · Peru
928
-12
🇨🇳 Magyars · China
897
-11
_Ermi_007
0:28 Loom
11:46 Feudal Age
12:40 Feudal Age
17:54 Castle Age
16:18 Double-Bit Axe
16:55 Horse Collar
19:53 Bow Saw
22:31 Scale Barding Armor
30:10 Forging
Jert
11:51 Feudal Age
13:02 Loom
16:59 Castle Age
15:15 Double-Bit Axe
26:04 Fletching
26:52 Gold Mining
27:44 Ballistics
28:08 Wheelbarrow
27:58 Horse Collar
28:42 Bow Saw
28:41 Stone Mining
29:30 Gold Shaft Mining
30:49 Yeomen
31:09 Bodkin Arrow
32:43 Padded Archer Armor
33:13 Hand Cart
38:45 Imperial Age
CalamarX
0:29 Loom
11:15 Feudal Age
11:27 Man-at-Arms
17:32 Scale Mail Armor
18:24 Horse Collar
20:57 Forging
26:23 Castle Age
26:18 Gold Mining
27:45 Chain Mail Armor
27:33 Heavy Plow
29:04 Anarchy
29:15 Double-Bit Axe
35:38 Wheelbarrow
36:47 Iron Casting
小迟爱吃
11:55 Feudal Age
13:39 Loom
18:22 Castle Age
28:11 Double-Bit Axe
Susheiro
6:29 Loom
9:21 Feudal Age
10:00 Double-Bit Axe
14:41 Horse Collar
18:40 Castle Age
19:05 Stone Mining
19:02 Arson
19:54 Bow Saw
20:42 Squires
21:21 Scale Mail Armor
24:19 Forging
25:45 Bloodlines
25:37 Husbandry
32:41 Devotion
34:36 Gold Mining
36:04 Scale Barding Armor
36:52 Wheelbarrow
38:12 Iron Casting
38:31 Chain Barding Armor
40:47 Town Watch
41:17 Hand Cart
43:01 Gold Shaft Mining
BP Charly
11:32 Feudal Age
15:18 Castle Age
13:11 Double-Bit Axe
17:41 Loom
17:38 Horse Collar
23:41 Fletching
28:13 Gold Mining
28:54 Yeomen
32:47 Imperial Age
31:06 Bodkin Arrow
31:11 Padded Archer Armor
31:45 Ballistics
32:02 Gold Shaft Mining
32:02 Stone Mining
33:34 Wheelbarrow
33:01 Heavy Plow
34:02 Elite Longbowman
35:48 Chemistry
34:50 Bracer
35:05 Leather Archer Armor
37:43 Ring Archer Armor
MEERIYEINMMD
10:36 Feudal Age
11:19 Loom
11:41 Double-Bit Axe
11:50 Horse Collar
22:24 Castle Age
20:23 Gold Mining
22:21 Scale Barding Armor
22:27 Forging
22:30 Bloodlines
23:44 Bow Saw
23:39 Heavy Plow
24:59 Chain Barding Armor
25:15 Iron Casting
30:58 Wheelbarrow
30:56 Light Cavalry
34:35 Imperial Age
36:10 Gold Shaft Mining
35:26 Stone Mining
36:12 Crop Rotation
37:03 Light Cavalry
38:43 Plate Barding Armor
39:10 Blast Furnace
38:35 Hussar
39:31 Husbandry
40:35 Hand Cart
41:26 Conscription
ELEG TIRANO
3:25 Loom
16:00 Feudal Age
19:08 Horse Collar
26:18 Double-Bit Axe
26:26 Gold Mining
26:32 Stone Mining
26:57 Scale Barding Armor
27:03 Forging
29:02 Castle Age
28:51 Bloodlines
30:43 Husbandry
30:04 Light Cavalry
34:57 Heavy Plow
Connection lost

Rejoining the realm…

Still unreachable

The connection could not be restored.

Session expired

The server has moved on; the page needs a fresh start.